Unix NetHack Version 3.7.0-65 Work-in-progress - last build Oct 10 2022 05:34:18 (2afc5cfc90f7ecdc2856d9919a2295b875398e55,branch:master).

Game began 2022-10-10 14:37:58, ended 2022-10-11 16:14:25.

rustyspoon, lawful female human Knight

  
unexplored area
unexplored area
unexplored area
unexplored area
unexplored area
unexplored area
unexplored area
unexplored area
unexplored area
unexplored area
unexplored area
unexplored area
unexplored area
unexplored area
unexplored area
unexplored area
unexplored area
unexplored area
unexplored area
unexplored area
unexplored area
unexplored area
unexplored area
unexplored area
unexplored area
unexplored area
unexplored area
unexplored area
unexplored area
unexplored area
unexplored area
unexplored area
unexplored area
unexplored area
unexplored area
unexplored area
unexplored area
unexplored area
unexplored area
unexplored area
unexplored area
unexplored area
unexplored area
unexplored area
unexplored area
unexplored area
unexplored area
unexplored area
unexplored area
unexplored area
unexplored area
unexplored area
unexplored area
unexplored area
unexplored area
unexplored area
unexplored area
unexplored area
unexplored area
unexplored area
unexplored area
unexplored area
unexplored area
unexplored area
unexplored area
unexplored area
unexplored area
unexplored area
unexplored area
unexplored area
unexplored area
unexplored area
unexplored area
unexplored area
unexplored area
unexplored area
unexplored area
unexplored area
unexplored area
unexplored area
unexplored area
unexplored area
unexplored area
unexplored area
unexplored area
unexplored area
unexplored area
unexplored area
unexplored area
unexplored area
unexplored area
unexplored area
unexplored area
unexplored area
unexplored area
unexplored area
unexplored area
unexplored area
unexplored area
unexplored area
unexplored area
unexplored area
unexplored area
unexplored area
unexplored area
unexplored area
unexplored area
unexplored area
unexplored area
wall
wall
wall
wall
wall
wall
wall
wall
wall
wall
wall
wall
wall
unexplored area
unexplored area
unexplored area
unexplored area
unexplored area
unexplored area
unexplored area
unexplored area
unexplored area
unexplored area
unexplored area
unexplored area
unexplored area
unexplored area
unexplored area
unexplored area
unexplored area
unexplored area
unexplored area
unexplored area
unexplored area
unexplored area
unexplored area
unexplored area
unexplored area
unexplored area
unexplored area
unexplored area
unexplored area
unexplored area
unexplored area
unexplored area
unexplored area
unexplored area
unexplored area
unexplored area
unexplored area
unexplored area
unexplored area
unexplored area
unexplored area
unexplored area
unexplored area
unexplored area
unexplored area
unexplored area
unexplored area
unexplored area
unexplored area
unexplored area
unexplored area
unexplored area
unexplored area
unexplored area
unexplored area
unexplored area
unexplored area
unexplored area
unexplored area
unexplored area
unexplored area
unexplored area
unexplored area
unexplored area
unexplored area
.dark part of a room
.dark part of a room
.dark part of a room
.dark part of a room
.dark part of a room
.dark part of a room
[a large shield
.dark part of a room
.dark part of a room
.dark part of a room
.dark part of a room
.dark part of a room
.dark part of a room
.dark part of a room
unexplored area
unexplored area
unexplored area
unexplored area
unexplored area
unexplored area
unexplored area
unexplored area
unexplored area
unexplored area
unexplored area
unexplored area
unexplored area
unexplored area
unexplored area
unexplored area
unexplored area
unexplored area
unexplored area
unexplored area
unexplored area
unexplored area
unexplored area
unexplored area
unexplored area
unexplored area
unexplored area
unexplored area
unexplored area
unexplored area
unexplored area
unexplored area
unexplored area
unexplored area
unexplored area
unexplored area
unexplored area
unexplored area
unexplored area
unexplored area
unexplored area
unexplored area
unexplored area
unexplored area
unexplored area
unexplored area
unexplored area
unexplored area
unexplored area
unexplored area
unexplored area
unexplored area
unexplored area
unexplored area
unexplored area
unexplored area
unexplored area
unexplored area
unexplored area
unexplored area
unexplored area
unexplored area
unexplored area
unexplored area
unexplored area
.dark part of a room
.dark part of a room
.dark part of a room
[a large shield
.dark part of a room
.dark part of a room
wall
wall
wall
wall
.doorway
wall
wall
wall
unexplored area
unexplored area
unexplored area
unexplored area
unexplored area
unexplored area
unexplored area
unexplored area
unexplored area
unexplored area
unexplored area
unexplored area
unexplored area
unexplored area
unexplored area
unexplored area
unexplored area
unexplored area
unexplored area
unexplored area
unexplored area
unexplored area
unexplored area
unexplored area
unexplored area
unexplored area
unexplored area
unexplored area
unexplored area
unexplored area
unexplored area
unexplored area
unexplored area
unexplored area
unexplored area
unexplored area
unexplored area
unexplored area
unexplored area
unexplored area
unexplored area
unexplored area
unexplored area
unexplored area
unexplored area
unexplored area
unexplored area
unexplored area
unexplored area
unexplored area
unexplored area
unexplored area
unexplored area
unexplored area
unexplored area
unexplored area
unexplored area
unexplored area
unexplored area
unexplored area
unexplored area
unexplored area
unexplored area
unexplored area
.dark part of a room
.dark part of a room
.dark part of a room
.dark part of a room
.dark part of a room
.dark part of a room
wall
wall
.dark part of a room
.dark part of a room
.dark part of a room
)a knife
.dark part of a room
.dark part of a room
.dark part of a room
wall
unexplored area
unexplored area
unexplored area
unexplored area
unexplored area
unexplored area
unexplored area
unexplored area
unexplored area
unexplored area
unexplored area
unexplored area
unexplored area
unexplored area
unexplored area
unexplored area
unexplored area
unexplored area
unexplored area
unexplored area
unexplored area
unexplored area
unexplored area
unexplored area
unexplored area
unexplored area
unexplored area
unexplored area
unexplored area
unexplored area
unexplored area
unexplored area
unexplored area
unexplored area
unexplored area
unexplored area
unexplored area
unexplored area
unexplored area
unexplored area
unexplored area
unexplored area
unexplored area
unexplored area
unexplored area
unexplored area
unexplored area
unexplored area
unexplored area
unexplored area
unexplored area
unexplored area
unexplored area
unexplored area
unexplored area
unexplored area
unexplored area
unexplored area
unexplored area
unexplored area
unexplored area
unexplored area
unexplored area
.dark part of a room
.dark part of a room
.dark part of a room
.dark part of a room
.dark part of a room
wall
wall
unexplored area
.dark part of a room
.dark part of a room
.dark part of a room
.dark part of a room
.dark part of a room
.dark part of a room
.dark part of a room
.dark part of a room
unexplored area
unexplored area
unexplored area
unexplored area
unexplored area
unexplored area
unexplored area
unexplored area
unexplored area
unexplored area
unexplored area
unexplored area
unexplored area
unexplored area
unexplored area
unexplored area
unexplored area
unexplored area
unexplored area
unexplored area
unexplored area
unexplored area
unexplored area
unexplored area
unexplored area
unexplored area
unexplored area
unexplored area
unexplored area
unexplored area
unexplored area
unexplored area
unexplored area
unexplored area
unexplored area
unexplored area
unexplored area
unexplored area
unexplored area
unexplored area
unexplored area
unexplored area
unexplored area
unexplored area
unexplored area
unexplored area
unexplored area
unexplored area
unexplored area
unexplored area
unexplored area
unexplored area
unexplored area
unexplored area
unexplored area
unexplored area
unexplored area
unexplored area
unexplored area
unexplored area
unexplored area
unexplored area
unexplored area
.dark part of a room
.dark part of a room
.dark part of a room
.dark part of a room
.dark part of a room
wall
unexplored area
unexplored area
.dark part of a room
.dark part of a room
.dark part of a room
.dark part of a room
.dark part of a room
.dark part of a room
.dark part of a room
.dark part of a room
unexplored area
unexplored area
unexplored area
unexplored area
unexplored area
unexplored area
unexplored area
unexplored area
unexplored area
unexplored area
unexplored area
unexplored area
unexplored area
unexplored area
unexplored area
unexplored area
unexplored area
unexplored area
unexplored area
unexplored area
unexplored area
unexplored area
unexplored area
unexplored area
unexplored area
unexplored area
unexplored area
unexplored area
unexplored area
unexplored area
unexplored area
unexplored area
unexplored area
unexplored area
unexplored area
unexplored area
unexplored area
unexplored area
unexplored area
unexplored area
unexplored area
unexplored area
unexplored area
unexplored area
unexplored area
unexplored area
unexplored area
unexplored area
unexplored area
unexplored area
unexplored area
unexplored area
unexplored area
unexplored area
unexplored area
unexplored area
unexplored area
unexplored area
unexplored area
unexplored area
unexplored area
unexplored area
unexplored area
unexplored area
wall
wall
wall
wall
wall
unexplored area
unexplored area
.dark part of a room
.dark part of a room
.dark part of a room
WNazgul
.dark part of a room
.dark part of a room
.dark part of a room
unexplored area
unexplored area
unexplored area
unexplored area
unexplored area
unexplored area
unexplored area
unexplored area
unexplored area
unexplored area
unexplored area
unexplored area
unexplored area
unexplored area
unexplored area
unexplored area
unexplored area
unexplored area
unexplored area
unexplored area
unexplored area
unexplored area
unexplored area
unexplored area
unexplored area
unexplored area
unexplored area
unexplored area
unexplored area
unexplored area
unexplored area
unexplored area
unexplored area
unexplored area
unexplored area
unexplored area
unexplored area
unexplored area
unexplored area
unexplored area
unexplored area
unexplored area
unexplored area
unexplored area
unexplored area
unexplored area
unexplored area
unexplored area
unexplored area
unexplored area
unexplored area
unexplored area
unexplored area
unexplored area
unexplored area
unexplored area
unexplored area
unexplored area
unexplored area
unexplored area
unexplored area
unexplored area
unexplored area
unexplored area
unexplored area
unexplored area
unexplored area
unexplored area
unexplored area
unexplored area
unexplored area
unexplored area
.dark part of a room
@priestess of Moloch
AAngel of Moloch
.dark part of a room
@priestess of Moloch
.dark part of a room
.dark part of a room
unexplored area
unexplored area
unexplored area
unexplored area
unexplored area
unexplored area
unexplored area
unexplored area
unexplored area
unexplored area
unexplored area
unexplored area
unexplored area
unexplored area
unexplored area
unexplored area
unexplored area
unexplored area
unexplored area
unexplored area
unexplored area
unexplored area
unexplored area
unexplored area
unexplored area
unexplored area
unexplored area
unexplored area
unexplored area
unexplored area
unexplored area
unexplored area
unexplored area
unexplored area
unexplored area
unexplored area
unexplored area
unexplored area
unexplored area
unexplored area
unexplored area
unexplored area
unexplored area
unexplored area
unexplored area
unexplored area
unexplored area
unexplored area
unexplored area
unexplored area
unexplored area
unexplored area
unexplored area
unexplored area
unexplored area
unexplored area
unexplored area
unexplored area
unexplored area
unexplored area
unexplored area
unexplored area
unexplored area
unexplored area
unexplored area
unexplored area
unexplored area
unexplored area
unexplored area
unexplored area
wall
wall
wall
wall
wall
AAngel of Moloch
wall
wall
wall
wall
wall
unexplored area
unexplored area
unexplored area
unexplored area
unexplored area
unexplored area
unexplored area
unexplored area
unexplored area
unexplored area
unexplored area
unexplored area
unexplored area
unexplored area
unexplored area
unexplored area
unexplored area
unexplored area
unexplored area
unexplored area
unexplored area
unexplored area
unexplored area
unexplored area
unexplored area
unexplored area
unexplored area
unexplored area
unexplored area
unexplored area
unexplored area
unexplored area
unexplored area
unexplored area
unexplored area
unexplored area
unexplored area
unexplored area
unexplored area
unexplored area
unexplored area
unexplored area
unexplored area
unexplored area
unexplored area
unexplored area
unexplored area
unexplored area
unexplored area
unexplored area
unexplored area
unexplored area
unexplored area
unexplored area
unexplored area
unexplored area
unexplored area
unexplored area
unexplored area
unexplored area
unexplored area
unexplored area
unexplored area
unexplored area
unexplored area
unexplored area
wall
wall
wall
.dark part of a room
.dark part of a room
.dark part of a room
.dark part of a room
.floor of a room
.dark part of a room
.dark part of a room
.dark part of a room
.dark part of a room
wall
wall
wall
unexplored area
unexplored area
unexplored area
unexplored area
unexplored area
unexplored area
unexplored area
unexplored area
unexplored area
unexplored area
unexplored area
unexplored area
unexplored area
unexplored area
unexplored area
unexplored area
unexplored area
unexplored area
unexplored area
unexplored area
unexplored area
unexplored area
unexplored area
unexplored area
unexplored area
unexplored area
unexplored area
unexplored area
unexplored area
unexplored area
unexplored area
unexplored area
unexplored area
unexplored area
unexplored area
unexplored area
unexplored area
unexplored area
unexplored area
unexplored area
unexplored area
unexplored area
unexplored area
unexplored area
unexplored area
unexplored area
unexplored area
unexplored area
unexplored area
unexplored area
unexplored area
unexplored area
unexplored area
unexplored area
unexplored area
unexplored area
unexplored area
unexplored area
unexplored area
unexplored area
unexplored area
unexplored area
unexplored area
unexplored area
wall
.dark part of a room
.dark part of a room
.dark part of a room
AAngel of Manannan Mac Lir
.dark part of a room
@priest of Brigit
.floor of a room
.dark part of a room
.dark part of a room
.dark part of a room
.dark part of a room
.dark part of a room
.dark part of a room
wall
unexplored area
unexplored area
unexplored area
unexplored area
unexplored area
unexplored area
unexplored area
unexplored area
unexplored area
unexplored area
unexplored area
unexplored area
unexplored area
unexplored area
unexplored area
unexplored area
unexplored area
unexplored area
unexplored area
unexplored area
unexplored area
unexplored area
unexplored area
unexplored area
unexplored area
unexplored area
unexplored area
unexplored area
unexplored area
unexplored area
unexplored area
unexplored area
unexplored area
unexplored area
unexplored area
unexplored area
unexplored area
unexplored area
unexplored area
unexplored area
unexplored area
unexplored area
unexplored area
unexplored area
unexplored area
unexplored area
unexplored area
unexplored area
unexplored area
unexplored area
unexplored area
unexplored area
unexplored area
unexplored area
unexplored area
unexplored area
unexplored area
unexplored area
unexplored area
unexplored area
unexplored area
unexplored area
unexplored area
unexplored area
wall
.dark part of a room
unexplored area
wall
wall
wall
wall
.doorway
wall
wall
wall
wall
unexplored area
.dark part of a room
wall
unexplored area
unexplored area
unexplored area
unexplored area
unexplored area
unexplored area
unexplored area
unexplored area
unexplored area
unexplored area
unexplored area
unexplored area
unexplored area
unexplored area
unexplored area
unexplored area
unexplored area
unexplored area
unexplored area
unexplored area
unexplored area
unexplored area
unexplored area
unexplored area
unexplored area
unexplored area
unexplored area
unexplored area
unexplored area
unexplored area
unexplored area
unexplored area
unexplored area
unexplored area
unexplored area
unexplored area
unexplored area
unexplored area
unexplored area
unexplored area
unexplored area
unexplored area
unexplored area
unexplored area
unexplored area
unexplored area
unexplored area
unexplored area
unexplored area
unexplored area
unexplored area
unexplored area
unexplored area
unexplored area
unexplored area
unexplored area
unexplored area
unexplored area
unexplored area
unexplored area
unexplored area
unexplored area
unexplored area
unexplored area
wall
unexplored area
AAngel of Manannan Mac Lir
wall
.floor of a room
.floor of a room
.floor of a room
.floor of a room
.floor of a room
.floor of a room
.floor of a room
wall
unexplored area
unexplored area
wall
unexplored area
unexplored area
unexplored area
unexplored area
unexplored area
unexplored area
unexplored area
unexplored area
unexplored area
unexplored area
unexplored area
unexplored area
unexplored area
unexplored area
unexplored area
unexplored area
unexplored area
unexplored area
unexplored area
unexplored area
unexplored area
unexplored area
unexplored area
unexplored area
unexplored area
unexplored area
unexplored area
unexplored area
unexplored area
unexplored area
unexplored area
unexplored area
unexplored area
unexplored area
unexplored area
unexplored area
unexplored area
unexplored area
unexplored area
unexplored area
unexplored area
unexplored area
unexplored area
unexplored area
unexplored area
unexplored area
unexplored area
unexplored area
unexplored area
unexplored area
unexplored area
unexplored area
unexplored area
unexplored area
unexplored area
unexplored area
unexplored area
unexplored area
unexplored area
unexplored area
unexplored area
unexplored area
unexplored area
unexplored area
unexplored area
unexplored area
@priestess of Manannan Mac Lir
wall
.floor of a room
.floor of a room
.floor of a room
.floor of a room
.floor of a room
.floor of a room
.floor of a room
wall
unexplored area
unexplored area
unexplored area
unexplored area
unexplored area
unexplored area
unexplored area
unexplored area
unexplored area
unexplored area
unexplored area
unexplored area
unexplored area
unexplored area
unexplored area
unexplored area
unexplored area
unexplored area
unexplored area
unexplored area
unexplored area
unexplored area
unexplored area
unexplored area
unexplored area
unexplored area
unexplored area
unexplored area
unexplored area
unexplored area
unexplored area
unexplored area
unexplored area
unexplored area
unexplored area
unexplored area
unexplored area
unexplored area
unexplored area
unexplored area
unexplored area
unexplored area
unexplored area
unexplored area
unexplored area
unexplored area
unexplored area
unexplored area
unexplored area
unexplored area
unexplored area
unexplored area
unexplored area
unexplored area
unexplored area
unexplored area
unexplored area
unexplored area
unexplored area
unexplored area
unexplored area
unexplored area
unexplored area
unexplored area
unexplored area
unexplored area
unexplored area
unexplored area
unexplored area
unexplored area
wall
.floor of a room
.floor of a room
@peaceful invisible high priest of Lugh
@invisible human knight called rustyspoon
.floor of a room
.floor of a room
.floor of a room
wall
Apeaceful Angel of Lugh
AAngel of Brigit
unexplored area
unexplored area
unexplored area
unexplored area
unexplored area
unexplored area
unexplored area
unexplored area
unexplored area
unexplored area
unexplored area
unexplored area
unexplored area
unexplored area
unexplored area
unexplored area
unexplored area
unexplored area
unexplored area
unexplored area
unexplored area
unexplored area
unexplored area
unexplored area
unexplored area
unexplored area
unexplored area
unexplored area
unexplored area
unexplored area
unexplored area
unexplored area
unexplored area
unexplored area
unexplored area
unexplored area
unexplored area
unexplored area
unexplored area
unexplored area
unexplored area
unexplored area
unexplored area
unexplored area
unexplored area
unexplored area
unexplored area
unexplored area
unexplored area
unexplored area
unexplored area
unexplored area
unexplored area
unexplored area
unexplored area
unexplored area
unexplored area
unexplored area
unexplored area
unexplored area
unexplored area
unexplored area
unexplored area
unexplored area
unexplored area
unexplored area
unexplored area
unexplored area
wall
.floor of a room
.floor of a room
.floor of a room
Bvampire bat
.floor of a room
.floor of a room
.floor of a room
wall
unexplored area
unexplored area
unexplored area
unexplored area
unexplored area
unexplored area
unexplored area
unexplored area
unexplored area
unexplored area
unexplored area
unexplored area
unexplored area
unexplored area
unexplored area
unexplored area
unexplored area
unexplored area
unexplored area
unexplored area
unexplored area
unexplored area
unexplored area
unexplored area
unexplored area
unexplored area
unexplored area
unexplored area
unexplored area
unexplored area
unexplored area
unexplored area
unexplored area
unexplored area
unexplored area
unexplored area
unexplored area
unexplored area
unexplored area
unexplored area
unexplored area
unexplored area
unexplored area
unexplored area
unexplored area
unexplored area
unexplored area
unexplored area
unexplored area
unexplored area
unexplored area
unexplored area
unexplored area
unexplored area
unexplored area
unexplored area
unexplored area
unexplored area
unexplored area
unexplored area
unexplored area
unexplored area
unexplored area
unexplored area
unexplored area
unexplored area
unexplored area
unexplored area
unexplored area
unexplored area
wall
.floor of a room
.floor of a room
.floor of a room
.floor of a room
.floor of a room
.floor of a room
.floor of a room
wall
Dorange dragon
unexplored area
unexplored area
unexplored area
unexplored area
unexplored area
unexplored area
unexplored area
unexplored area
unexplored area
unexplored area
unexplored area
unexplored area
unexplored area
unexplored area
unexplored area
unexplored area
unexplored area
unexplored area
unexplored area
unexplored area
unexplored area
unexplored area
unexplored area
unexplored area
unexplored area
unexplored area
unexplored area
unexplored area
unexplored area
unexplored area
unexplored area
unexplored area
unexplored area
unexplored area
unexplored area
unexplored area
unexplored area
unexplored area
unexplored area
unexplored area
unexplored area
unexplored area
unexplored area
unexplored area
unexplored area
unexplored area
unexplored area
unexplored area
unexplored area
unexplored area
unexplored area
unexplored area
unexplored area
unexplored area
unexplored area
unexplored area
unexplored area
unexplored area
unexplored area
unexplored area
unexplored area
unexplored area
unexplored area
unexplored area
unexplored area
unexplored area
unexplored area
unexplored area
unexplored area
wall
wall
wall
wall
wall
wall
wall
wall
wall
unexplored area
unexplored area
unexplored area
unexplored area
unexplored area
unexplored area
unexplored area
unexplored area
unexplored area
unexplored area
unexplored area
unexplored area
unexplored area
unexplored area
unexplored area
unexplored area
unexplored area
unexplored area
unexplored area
unexplored area
unexplored area
unexplored area
unexplored area
unexplored area
unexplored area
unexplored area
unexplored area
unexplored area
unexplored area
unexplored area
unexplored area
unexplored area
unexplored area
unexplored area
unexplored area
unexplored area
unexplored area
unexplored area
unexplored area
unexplored area
unexplored area
unexplored area
unexplored area
unexplored area
unexplored area
unexplored area
unexplored area
unexplored area
unexplored area
unexplored area
unexplored area
unexplored area
unexplored area
unexplored area
unexplored area
unexplored area
unexplored area
unexplored area
unexplored area
unexplored area
unexplored area
unexplored area
unexplored area
unexplored area
unexplored area
unexplored area
unexplored area
unexplored area
unexplored area
unexplored area
unexplored area
unexplored area
unexplored area
unexplored area
@invisible ranger called Keizo the Archer
unexplored area
unexplored area
unexplored area
unexplored area
unexplored area
unexplored area
unexplored area
unexplored area
unexplored area
unexplored area
unexplored area
unexplored area
unexplored area
unexplored area
unexplored area
unexplored area
unexplored area
unexplored area
unexplored area
unexplored area
unexplored area
unexplored area
unexplored area
unexplored area
unexplored area
unexplored area
unexplored area
unexplored area
unexplored area
unexplored area
unexplored area
unexplored area
unexplored area
unexplored area
unexplored area
unexplored area
unexplored area
unexplored area
unexplored area
unexplored area
unexplored area
unexplored area
unexplored area
unexplored area
unexplored area
unexplored area
unexplored area
unexplored area
unexplored area
unexplored area
unexplored area
unexplored area
unexplored area
unexplored area
unexplored area
unexplored area
unexplored area
unexplored area
unexplored area
unexplored area
unexplored area
unexplored area
unexplored area
unexplored area
unexplored area
unexplored area
unexplored area
unexplored area
unexplored area
unexplored area
unexplored area
unexplored area
unexplored area
unexplored area
unexplored area
unexplored area
unexplored area
unexplored area
unexplored area
unexplored area
unexplored area
unexplored area
unexplored area
unexplored area
unexplored area
unexplored area
unexplored area
unexplored area
unexplored area
unexplored area
unexplored area
unexplored area
unexplored area
unexplored area
unexplored area
unexplored area
unexplored area
unexplored area
unexplored area
unexplored area
unexplored area
unexplored area
unexplored area
unexplored area
unexplored area
unexplored area
unexplored area
unexplored area
unexplored area
unexplored area
unexplored area
unexplored area
unexplored area
unexplored area
unexplored area
unexplored area
unexplored area
unexplored area
[Rustyspoon the Knight ] St:25 Dx:17 Co:18 In:12 Wi:18 Ch:18 Lawful Astral Plane $:0 HP:351(362) Pw:96(96) AC:-32 Xp:15 T:34305 Satiated

Latest messages:

The Angel of Brigit swings her long sword at the priestess of Moloch.
The Angel of Brigit hits the priestess of Moloch.
The Angel of Brigit hits the priestess of Moloch.
You hear a mumbled curse.
"Come here often?"
You hear a mumbled curse.
You hear a mumbled curse.
What do you want to zap? [dfzJK or ?*]
In what direction?
You hear a mumbled curse.
The Angel of Brigit points at you, then curses.
The Angel of Manannan Mac Lir wields a long sword!
You hear a mumbled curse.
"Only thy reflection could love thee!"
The Angel of Moloch points at you, then curses.
"Look! Thy bootlace is undone!"
You hear a mumbled curse.
You hear a mumbled curse.
You hear a mumbled curse.
The Angel of Manannan Mac Lir zaps you with a magic missile!
The magic missile whizzes by you!
The magic missile hits the priest of Brigit!
The high priest drinks a potion of invisibility!
The high priest's body takes on a strange transparency.
"I've met smarter (and prettier) acid blobs."
The invisible high priest intones:
"Pilgrim, you enter a sacred place!"
"Methinks thou wert unnaturally stirred by yon corpse back there, eh, varlet?"
You hear a mumbled curse.
What do you want to drink? [N or ?*]
You feel much better.
You hear a chugging sound.
You hear a mumbled curse.
The Angel of Moloch points at you, then curses.
"I first mistook thee for a statue, when I regarded thy head of stone."
You hear a mumbled curse.
"Mercy! Dost thou wish me to die of laughter?"
You hear a mumbled curse.
You hear a distant zap.
You hear a mumbled curse.
You hear a mumbled curse.
There is a high altar to Lugh (lawful) here.
What do you want to sacrifice? [X or ?*]
You offer the Amulet of Yendor to Lugh...
An invisible choir sings, and you are bathed in radiance...
The voice of Lugh rings out: "Mortal, thou hast done well!"
"In return for thy service, I grant thee the gift of Immortality!"
You ascend to the status of Demigoddess...
Do you want your possessions identified? [ynq] (y)
Do you want to see your attributes? [ynq] (y)

Inventory:

Amulets

y - an uncursed amulet of life saving (being worn)

Weapons

a - the blessed rustproof +6 Excalibur (wielded in right hand)
w - a blessed +6 silver saber (wielded in left hand)

Armor

A - an uncursed +4 Hawaiian shirt with a sailboat motif named "sailboats on a blue background" (being worn)
B - a blessed greased +4 silver dragon scale mail (being worn)
C - a blessed greased fireproof +5 cloak of magic resistance (being worn)
D - an uncursed fireproof +4 pair of speed boots (being worn)
E - a blessed rustproof +5 pair of gauntlets of power (being worn)
F - an uncursed rusty corroded +0 dwarvish iron helm (being worn)

Comestibles

L - an uncursed lizard corpse named KFC

Scrolls

M - an uncursed scroll of create monster

Rings

h - a blessed ring of free action (on right hand)
p - a blessed greased ring of conflict (on left hand)

Wands

d - an uncursed wand of death (1:7)
f - an uncursed wand of teleportation (0:2)
z - an uncursed wand of digging (0:2)
J - an uncursed wand of digging (0:1)
K - an uncursed wand of teleportation (0:3)

Tools

b - a blessed greased bag of holding containing 74 items
e - an uncursed stethoscope
i - the blessed Magic Mirror of Merlin
k - an uncursed skeleton key
s - a cursed sack named cancellation containing 3 items
t - a blessed blindfold
u - a blessed +0 unicorn horn named Lh;
v - an uncursed magic lamp (lit)
V - the uncursed Bell of Opening (0:1)
Y - the uncursed Candelabrum of Invocation (0 of 7 candles attached)

Gems/Stones

x - a blessed luckstone

Contents of the bag of holding:

a blessed amulet of flying
an uncursed amulet of life saving
a blessed amulet of reflection
13 uncursed +5 darts named ENCH !c
an uncursed +0 bullwhip
an uncursed +0 mummy wrapping
7 uncursed food rations
an uncursed lizard corpse named MCD
19 uncursed scrolls of blank paper
a blessed scroll of charging
an uncursed scroll of create monster
an uncursed scroll of destroy armor
2 uncursed scrolls of earth
an uncursed scroll of enchant weapon
an uncursed scroll of fire
a cursed scroll of food detection
3 blessed scrolls of identify
an uncursed scroll of identify
2 uncursed scrolls of identify
4 blessed scrolls of remove curse
an uncursed scroll of taming
a blessed scroll of teleportation
an uncursed scroll of teleportation
4 blessed diluted potions of extra healing
4 blessed diluted potions of full healing
an uncursed diluted potion of full healing
a blessed potion of healing
an uncursed potion of healing
3 blessed potions of levitation
3 uncursed potions of levitation
3 uncursed potions of paralysis
2 blessed potions of restore ability
2 uncursed potions of restore ability
27 potions of holy water
4 potions of unholy water
an uncursed ring of free action
an uncursed ring of hunger
an uncursed ring of levitation
an uncursed ring of polymorph control
a blessed ring of shock resistance
an uncursed ring of shock resistance
an uncursed ring of slow digestion
a blessed ring of teleport control
an uncursed wand of cold (0:7)
an uncursed wand of digging (0:6)
an uncursed wand of digging (0:4)
an uncursed wand of digging (0:4)
an uncursed wand of digging (0:1)
an uncursed wand of fire (0:8)
an uncursed wand of fire (0:5)
an uncursed wand of light (0:13)
a cursed wand of light (0:9)
an uncursed wand of lightning (0:8)
an uncursed wand of lightning (0:4)
an uncursed wand of sleep (0:7)
an uncursed wand of sleep (0:7)
an uncursed wand of sleep (0:6)
an uncursed wand of sleep (0:5)
an uncursed wand of sleep (0:4)
an uncursed wand of sleep (0:4)
an uncursed wand of slow monster (0:6)
an uncursed wand of striking (0:7)
an uncursed bugle
an uncursed can of grease (0:9)
a blessed magic marker (0:43)
an uncursed magic whistle
an uncursed +0 pick-axe
an uncursed wax candle
an uncursed amber stone
2 uncursed amethyst stones
an uncursed emerald
an uncursed jet stone
5 uncursed opals
an uncursed turquoise stone

Contents of the sack named cancellation:

a blessed scroll of remove curse
an uncursed wand of cancellation (0:4)
an uncursed wand of cancellation (0:4)

Rustyspoon the Knight's attributes:


Background:

You were a Knight, level 15 female human.
You were lawful, on a mission for Lugh
who was opposed by Brigit (neutral) and Manannan Mac Lir (chaotic).
You were in the endgame, on the Astral Plane.
You entered the dungeon 34305 turns ago.
There was a full moon in effect when your adventure ended.
You had 286991 experience points, 33009 more were needed to attain level 16.

Basics:

You had 351 out of 362 hit points.
You had all 96 energy points (spell power).
Your armor class was -32.
Your wallet was empty.
Autopickup was off.

Final Characteristics:

Your strength was 25 (base:18/31, peak:18/32, innate limit:18/100).
Your dexterity was 17 (limit:18).
Your constitution was 18 (limit:18).
Your intelligence was 12 (limit:18).
Your wisdom was 18 (limit:18).
Your charisma was 18 (limit:18).

Final Status:

You were satiated.
You were unencumbered.
You were wielding two weapons at once.
Your skill in long sword was limited by being skilled with two weapons.
You were skilled in saber and two weapons.

Final Attributes:

You were the Hand of Elbereth.
You were piously aligned.
You were magic-protected.
You were fire resistant.
You were cold resistant.
You were sleep resistant.
You were disintegration resistant.
You were shock resistant.
You were poison resistant.
You were level-drain resistant.
You saw invisible.
You were telepathic.
You had automatic searching.
You were invisible to others.
You were stealthy.
You caused conflict.
You could jump.
You had a moderate defense bonus (+7).
You were warded.
You were very fast.
You had reflection.
You had free action.
Your life would have been saved.
You were very lucky.
You had extra luck.
Good luck did not time out for you.
You survived.

Miscellaneous:
You encountered 1 bones level.
Total elapsed playing time was 4 hours, 50 minutes and 17 seconds.

Major events:

Turn

1: rustyspoon the lawful female human Knight entered the dungeon
1299: attained the rank of Esquire (level 3)
1689: entered the Gnomish Mines
3312: destroyed WizzyTheWeird's ghost, the former Conjurer
4093: attained the rank of Bachelor (level 6)
5196: reached Mine Town
6543: was bestowed with Snickersnee by Lugh
7227: made her first wish - "blessed greased greased greased greased greased greased +2 silver dragon scale mail", got "a greased silver dragon scale mail"
8539: entered Sokoban
8832: completed 1st Sokoban level
9331: completed 2nd Sokoban level
9616: completed 3rd Sokoban level
10751: completed 4th Sokoban level
10992: attained the rank of Sergeant (level 10)
11004: acquired the Sokoban amulet of reflection
11247: entered the Bigroom
11339: signified by divine providence, was chosen to carry Excalibur
12322: was bestowed with Fire Brand by Lugh
15503: found Trollsbane carried by a monster
16438: acquired the Mines' End luckstone
18302: found Frost Brand on the floor
21354: was crowned "The Hand of Elbereth" by Lugh
22677: killed Medusa
24416: entered Gehennom
24913: attained the rank of Knight (level 14)
26286: wished for "uncursed magic marker", got "a magic marker"
26300: wished for "3 cursed scrolls of genocide", got "3 scrolls labeled ETAOIN SHRDLU"
27035: performed her first genocide (class h)
28402: killed Ixoth
28402: found the Magic Mirror of Merlin carried by a monster
28403: acquired the Bell of Opening
28517: genocided class L
29641: bribed Asmodeus with 30 zorkmids for safe passage
29829: killed Juiblex
30138: killed the invisible Baalzebub
30693: wished for "blessed magic marker", got "a magic marker"
30761: killed Orcus
31280: destroyed Vlad the Impaler
31283: acquired the Candelabrum of Invocation
32637: killed the invisible Wizard of Yendor
32642: acquired the Book of the Dead
32679: performed the invocation
32774: killed the high priestess of Moloch
32782: acquired The Amulet of Yendor
33985: wished for "blessed fixed greased greased greased greased greased ring of conflict", got "a greased agate ring"
34015: killed the Wizard of Yendor (2nd time)
34025: wished for "blessed magic marker", got "a magic marker"
34077: entered the Elemental Planes
34077: entered Plane of Earth
34078: killed the Wizard of Yendor (3rd time)
34142: entered Plane of Air
34197: entered Plane of Fire
34209: entered Plane of Water
34211: genocided class ;
34278: entered the Astral Plane
34294: killed the invisible Pestilence
34305: ascended

Vanquished creatures:

Baalzebub
Orcus
Juiblex
the Wizard of Yendor (4 times)
Pestilence
Vlad the Impaler
a high cleric
Medusa
15 krakens
2 iron golems
a storm giant
a purple worm
2 gray dragons
a gold dragon
3 red dragons
2 white dragons
a black dragon
3 blue dragons
a yellow dragon
11 minotaurs
a jabberwock
Ixoth
2 baluchitheria
3 Angels
a demilich
2 stone golems
a Nazgul
a pit fiend
a sandestin
2 hell hounds
4 displacer beasts
2 titanotheres
3 trappers
3 genetic engineers
a disenchanter
23 vampire leaders
a skeleton
4 shopkeepers
8 aligned clerics
2 captains
5 shades
3 liches
2 clay golems
2 nurses
an ice devil
4 nalfeshnees
4 lurkers above
3 frost giants
an ettin
9 black puddings
25 vampires
3 lieutenants
a watch captain
26 ghosts
2 mind flayers
11 giant mimics
2 long worms
2 zruties
2 fire giants
an ogre tyrant
3 ice trolls
4 rock trolls
5 umber hulks
5 flesh golems
2 elven monarchs
3 doppelgangers
6 hezrous
3 bone devils
5 large mimics
5 wumpuses
a fire vortex
5 stalkers
2 air elementals
3 fire elementals
4 earth elementals
5 water elementals
2 hill giants
2 giant mummies
6 xorns
13 giant zombies
5 elf-nobles
12 sergeants
5 barbed devils
3 vrocks
2 salamanders
10 wargs
2 winter wolves
2 hell hound pups
18 small mimics
7 warhorses
a steam vortex
3 xans
2 ettin mummies
7 ogre leaders
6 quantum mechanics
9 trolls
a wood golem
8 sharks
9 electric eels
3 gelatinous cubes
2 pyrolisks
2 large dogs
a freezing sphere
a flaming sphere
4 shocking spheres
3 large cats
4 tigers
a gargoyle
a dwarf ruler
a tengu
20 ochre jellies
4 leocrottas
2 energy vortices
a stone giant
6 elf mummies
2 human mummies
3 red nagas
3 green slimes
a python
2 pit vipers
a cobra
23 wraiths
a carnivorous ape
9 ettin zombies
12 Grey-elves
47 soldiers
4 watchmen
7 amorous demons
4 horned devils
2 chameleons
3 crocodiles
7 giant beetles
a quivering blob
12 cockatrices
18 wolves
6 winter wolf cubs
a lynx
a panther
6 gremlins
2 spotted jellies
16 leprechauns
an orc-captain
4 iron piercers
4 mumakil
11 giant spiders
3 scorpions
5 horses
2 ice vortices
9 black lights
6 vampire bats
a forest centaur
4 gnome rulers
2 orc mummies
2 dwarf mummies
6 ogres
6 brown puddings
6 rust monsters
12 owlbears
3 yetis
a gold golem
3 werewolves
13 Green-elves
6 piranha
22 giant eels
10 lizards
6 chickatrices
2 dingoes
3 housecats
4 jaguars
4 dwarf leaders
2 blue jellies
a white unicorn
2 gray unicorns
a black unicorn
4 dust vortices
28 ravens
3 plains centaurs
4 gnome mummies
7 snakes
11 water moccasins
4 apes
13 human zombies
8 rope golems
10 Woodland-elves
7 soldier ants
a fire ant
a bugbear
5 imps
3 lemures
54 quasits
9 wood nymphs
2 water nymphs
5 mountain nymphs
16 Mordor orcs
8 Uruk-hai
2 orc shamans
5 rock piercers
2 rock moles
7 ponies
4 fog clouds
12 yellow lights
2 shriekers
3 violet fungi
20 gnome leaders
5 gnomish wizards
3 kobold mummies
7 gray oozes
a barrow wight
19 elf zombies
8 ghouls
2 straw golems
4 paper golems
6 jellyfish
11 giant ants
10 floating eyes
19 dwarves
6 homunculi
2 kobold leaders
5 kobold shamans
16 hill orcs
16 rothes
2 rabid rats
3 giant bats
11 orc zombies
23 dwarf zombies
2 werejackals
4 iguanas
40 killer bees
2 acid blobs
7 coyotes
a gas spore
9 hobbits
2 manes
a large kobold
3 hobgoblins
12 giant rats
9 cave spiders
a brown mold
4 yellow molds
2 green molds
4 red molds
75 gnomes
17 gnome zombies
18 geckos
16 jackals
2 foxes
2 kobolds
2 goblins
6 sewer rats
14 grid bugs
2 bats
9 lichens
10 kobold zombies
10 newts
1567 creatures vanquished.

Genocided species:

hobbits
dwarves
bugbears
dwarf leaders
dwarf rulers
mind flayers
master mind flayers
liches
demiliches
master liches
arch-liches
jellyfish
piranha
sharks
giant eels
electric eels
krakens
17 species genocided.

Voluntary challenges:

You read items or engraved 105 times.
You never engraved Elbereth.
You genocided 17 types of monsters.
You never polymorphed an object.
You never changed form.
You used 6 wishes.
You did not wish for any artifacts.
You did not violate any of the special Sokoban rules.

Achievements:

You entered a shop.
You attained the rank of Esquire.
You entered the Gnomish Mines.
You attained the rank of Bachelor.
You entered Minetown.
You entered a temple.
You entered Sokoban.
You attained the rank of Sergeant.
You completed Sokoban.
You entered the Big Room.
You completed the Gnomish Mines.
You defeated Medusa.
You learned the tune to open and close the Castle's drawbridge.
You entered Gehennom.
You attained the rank of Knight.
You had the Bell of Opening.
You had the Candelabrum of Invocation.
You handled the Book of the Dead.
You gained access to Moloch's Sanctum.
You reached the Elemental Planes.
You reached the Astral Plane.
You delivered the Amulet of Yendor.
You ascended!

The Elemental Planes:

   Astral Plane: <- You are here.
A temple to Lugh.
Plane of Water:
Plane of Fire:
Plane of Air:
Plane of Earth:

The Dungeons of Doom: levels 1 to 27

   Level 1:
One way stairs up to The Elemental Planes.
Level 2:
A general store.
Level 3: "stash >"
Level 4:
An untended shop.
Stairs down to The Gnomish Mines.
Level 5:
Level 6:
Level 7: "spent sink"
Many fountains, a sink.
Level 8:
Many fountains.
Oracle of Delphi.
Level 9:
Stairs up to Sokoban, level 8.
Level 10:
A very big room.
Level 11:
A general store.
Level 12:
A fountain, a grave.
Level 13:
A fountain.
Level 14:
A temple, a fountain.
Level 15:
An altar to Lugh, many fountains, a grave.
Portal to The Quest.
Level 16:
Level 17:
A primitive area.
Level 18:
Level 19: "spent sink"
A sink.
Level 20:
An altar to Lugh, a fountain.
Level 21:
An altar to Lugh.
Level 22:
Some fountains.
Level 23:
A grave.
Level 24:
Many trees.
Level 25:
A grave.
Level 26:
Level 27: "brand stash"
A throne.
The castle (play notes "BDCCC" to open or close drawbridge).
Connection to Gehennom.

Gehennom: levels 28 to 49

   Level 28:
A temple, many graves.
Valley of the Dead.
Level 29:
Level 30:
Level 31:
Level 32:
A fountain.
Level 33:
Level 34:
Level 35:
Level 36:
Level 37: "backup holding <"
Some shops, an altar, many graves.
Level 38:
Level 39:
Stairs up to Vlad's Tower, level 38.
Level 40:
Level 41:
Level 42:
Level 43:
Level 44:
Level 45:
Level 46:
Level 47: "wiz tower"
Level 48:
Level 49:
A temple, many graves.
Moloch's Sanctum.

The Gnomish Mines: levels 5 to 13

   Level 5:
A grave.
Final resting place for
WizzyTheWeird-Wiz-Hum-Mal-Neu, killed by a gnome lord.
Level 6:
Level 7: "60/80 scroll in store"
Many shops, a temple to Lugh.
Level 8: "polytrap"
Level 9:
Level 10: "saddle/lance stash >"
Level 11:
Level 12:
Level 13:
A fountain.

The Quest: levels 1 to 5

   Level 1: "! >"
A throne.
Completed quest for King Arthur.
Level 2:
Level 3:
A temple.
Level 4:
Level 5: "backup holding"

Sokoban: levels 8 up to 5

   Level 5:
Solved.
Level 6:
Solved.
Level 7:
Solved.
Level 8:
Solved.

Vlad's Tower: levels 38 up to 36

   Level 36:
Level 37:
Level 38:

Fare thee well rustyspoon the Demigoddess...


You went to your reward with 1650124 points,
Excalibur (worth 4000 zorkmids and 10000 points)
The Magic Mirror of Merlin (worth 1500 zorkmids and 3750 points)
The Bell of Opening (worth 5000 zorkmids and 12500 points)
The Candelabrum of Invocation (worth 5000 zorkmids and 12500 points)
and 0 pieces of gold, after 34305 moves.
You were level 15 with a maximum of 362 hit points when you ascended.